 Dungeon Crawl Stone Soup version 0.30-a0-218-gedb9141078 (webtiles) character file.

Game seed: 15353999403258467719

392 gelatine the Chopper (level 6, 0/46 HPs)
             Began as a Demonspawn Gladiator on Oct 6, 2022.
             Slain by Pikel
             ... wielding a +1 whip of freezing
              (8 damage)
             ... on level 4 of the Dungeon.
             The game lasted 00:08:34 (2218 turns).

gelatine the Chopper (Demonspawn Gladiator)         Turns: 2218, Time: 00:08:35

Health: 0/46       AC:  7    Str: 17    XL:     6   Next: 50%
Magic:  6/6        EV: 14    Int:  9    God:
Gold:   264        SH:  6    Dex: 14    Spells: 5/5 levels left

rFire   + . .      SeeInvis .    a - +0 war axe
rCold   . . .      Faith    .    n - +2 buckler
rNeg    . . .      Spirit   .    p - +0 scale mail
rPois   .          Reflect  .    c - +0 helmet
rElec   .          Harm     .    (no cloak)
rCorr   .          Rampage  .    (no gloves)
Will    .....                    (no boots)
Stlth   +.........               (no amulet)
HPRegen 0.27/turn                q - ring of protection from fire
MPRegen 0.10/turn                u - +4 ring of evasion

@: brilliant, flying
A: hooves 2, demonic guardian 1
a: no special abilities


You were on level 4 of the Dungeon.
You visited 1 branch of the dungeon, and saw 4 of its levels.

You collected 264 gold pieces.

Inventory:

Hand Weapons
 a - a +0 war axe (weapon)
Missiles
 d - 2 throwing nets (quivered)
 e - a javelin
 o - 3 boomerangs
 A - 4 poisoned darts
Armour
 b - a +0 leather armour
 c - a +0 helmet (worn)
 h - a +0 ring mail
 i - a +0 kite shield
 n - a +2 buckler (worn)
 p - a +0 scale mail (worn)
Jewellery
 q - a ring of protection from fire (left hand)
 u - a +4 ring of evasion (right hand)
Scrolls
 f - a scroll of acquirement {unknown}
 g - 2 scrolls of blinking
 l - a scroll of enchant weapon
 r - a scroll of silence
 v - a scroll of vulnerability
 x - a scroll of noise
 y - 3 scrolls of poison
Potions
 k - a potion of heal wounds
 m - a potion of lignification
 s - a potion of attraction
 B - a potion of flight


   Skills:
 * Level 2.9 Fighting
 + Level 4.5 Axes
 + Level 1.9 Throwing
 * Level 2.2 Armour
 * Level 3.5 Dodging
 * Level 1.7 Stealth
 * Level 1.7 Shields


You had 5 spell levels left.
You didn't know any spells.
Your spell library contained the following spells:

 Spells                   Type           Power      Damage    Failure   Level
 Ignite Poison            Fire/Tmut/Pois 0%         N/A       99%         3
 Sticky Flame             Conj/Fire      0%         2d3       100%        4
 Ignition                 Fire           0%         3d3       100%        8


Dungeon Overview and Level Annotations

Branches:
Dungeon (4/15)
 Temple: D:4-7

Altars:

Annotations:
D:4 Pikel


Innate Abilities, Weirdness & Mutations

You have hoof-like feet.
A weak demonic guardian rushes to your aid.


Message History

Pikel is moderately wounded.
Pikel hits you with a +1 whip of freezing!
Pikel freezes you.
* * * LOW HITPOINT WARNING * * *
You block Pikel's attack.
It was a potion of lignification.
You turn into a tree.
Your +0 helmet melds into your body.
Your +0 scale mail melds into your body.
Your roots penetrate the ground.
Pikel hits you but does no damage. x2
You hit Pikel.
Pikel is moderately wounded.
Pikel completely misses you. Pikel hits you but does no damage.
It was a potion of attraction.
You feel attractive to monsters. Pikel hits you but does no damage.
It was a potion of cancellation.
Your magical effects are unravelling.
You feel magically purged.
You feel less wooden.
Your +0 helmet unmelds from your body.
Your +0 scale mail unmelds from your body.
Pikel hits you but does no damage. Pikel misses you.
The lemure is attracted toward you.
You feel less attractive to monsters.
It was a potion of flight.
You feel very buoyant.
You fly up into the air.
The lemure shouts!
Pikel hits you with a +1 whip of freezing.
* * * LOW HITPOINT WARNING * * *
Pikel freezes you.
* * * LOW HITPOINT WARNING * * *
The lemure closely misses you.
It was a potion of brilliance.
You feel clever all of a sudden. You block Pikel's attack. The lemure hits you!
* * * LOW HITPOINT WARNING * * *
A demonic guardian appears!
You block Pikel's attack.
It was a potion of curing.
You feel better.
Pikel hits you with a +1 whip of freezing!
You die...

.........†.... .# .#.#.
.#.#....#).... .5.
................... #.#
#...#.#.#..........
...................... #
#.#?....#.#....#.#<#.
#.. §.. .........##.#.#.
#....#5##....#..###.#.#.
#...K@$......# #..>...
#.##.#.#.#.#.###...)).
#5.....#...........
##..#.#.#.###......
#.........##......
....#.#.#........#.
####.#......####..#.
#.....#.## #..#.
###.....# #..#.


You could see Pikel (fast, ally target), 2 lemures and a friendly ufetubus
(summoned).

Vanquished Creatures
  2 scorpions
  A jelly (D:3)
  A hound (D:4)
  An orc priest (D:3)
  6 gnolls
  2 adders
  An ufetubus (D:4)
  3 dart slugs
  6 orcs (D:3)
  10 ball pythons
  5 endoplasms
  4 giant cockroaches
  6 goblins
  3 hobgoblins
  6 jackals (D:2)
  4 kobolds
  4 quokkas
  10 bats
  4 frilled lizards
  5 rats
84 creatures vanquished.

Vanquished Creatures (collateral kills)
  A gnoll (D:3)
  An orc (D:3)
  A kobold (D:3)
3 creatures vanquished.

Vanquished Creatures (others)
  3 plants (D:4)
3 creatures vanquished.

Grand Total: 90 creatures vanquished

Notes
Turn   | Place    | Note
-------+----------+-------------------------------------------
     0 | D:1      | gelatine the Demonspawn Gladiator began the quest for the
                  | Orb.
     0 | D:1      | Reached XP level 1. HP: 16/16 MP: 1/1
   271 | D:1      | Gained mutation: You have large cloven feet. [demonic
                  | ancestry]
   271 | D:1      | Reached XP level 2. HP: 22/22 MP: 2/2
   338 | D:1      | Reached skill level 3 in Axes
   392 | D:1      | Found a faded altar of an unknown god.
   742 | D:2      | Gained mutation: You have hoof-like feet. [demonic
                  | ancestry]
   742 | D:2      | Reached XP level 3. HP: 27/27 MP: 3/3
  1220 | D:2      | Reached XP level 4. HP: 33/33 MP: 4/4
  1232 | D:2      | Reached skill level 1 in Armour
  1306 | D:3      | Reached skill level 4 in Axes
  1308 | D:3      | Reached skill level 1 in Stealth
  1308 | D:3      | Reached skill level 1 in Shields
  1308 | D:3      | Gained mutation: A weak demonic guardian rushes to your
                  | aid. [demonic ancestry]
  1308 | D:3      | Reached XP level 5. HP: 25/39 MP: 5/5
  1568 | D:3      | Reached XP level 6. HP: 31/46 MP: 6/6
  2199 | D:4      | Noticed Pikel
  2203 | D:4      | Paralysed by Pikel for 4 turns
  2218 | D:4      | Slain by Pikel

Illustrated notes

Levels and vault maps discovered:
D:1:      psy_arrival_dodecagon, layout_loops_cross,
          shapermc_ecumenical_altar_starsandcircs
D:2:      layout_basic
D:3:      layout_rooms
D:4:      layout_loops_ring, nicolae_vehumet_altar_sigil,
          hangedman_decor_riveting, serial_bayou_crossing, uniq_sigmund,
          uniq_pikel

Skill      XL: |  1  2  3  4  5  6 |
---------------+-------------------+-----
Dodging        | 3 |  3.5
Axes           | 3 4 |  4.5
Armour         | 1 2 |  2.2
Stealth        | 1 |  1.7
Shields        | 1 |  1.7
Fighting       | |  2.9
Throwing       | |  1.9

Action                   |  1- 3 |  4- 6 || total
-------------------------+-------+-------++-------
Melee: War axe           |   107 |   102 ||   209
       Kick              |    12 |    26 ||    38
Throw: Throwing net      |     2 |       ||     2
  Use: Scroll            |       |     8 ||     8
       Potion            |       |     7 ||     7
 Stab: Held in net/web   |     1 |       ||     1
Armor: Leather armour    |    18 |       ||    18
       Ring mail         |    41 |    11 ||    52
       Scale mail        |       |    37 ||    37
       Skin              |       |     4 ||     4
Dodge: Dodged            |    67 |    78 ||   145
Block: Kite shield       |    30 |       ||    30
       Buckler           |     3 |    42 ||    45

Table legend: (Time is in decaauts)
 A = Elapsed time spent in this place.
 B = Non-inter-level travel time spent in this place.
 C = Inter-level travel time spent in this place.
 D = Time resting spent in this place.
 E = Time spent auto-exploring this place.
 F = Levels seen in this place.
 G = Mean time per level.
                   A        B        C        D        E       F      G
               +--------+--------+--------+--------+--------+-----+--------+
         Total |   2306 |   2237 |     69 |    159 |   1270 |   4 |  576.5 |
       Dungeon |   2306 |   2237 |     69 |    159 |   1270 |   4 |  576.5 |
               +--------+--------+--------+--------+--------+-----+--------+

Top non-repeatable levels by time:
     D:1: 699 daAuts
     D:2: 639 daAuts
     D:3: 599 daAuts
     D:4: 368 daAuts
